 Dungeon Crawl Stone Soup version 0.27-a0-1548-gf8a67e7463 (webtiles) character file.

Game seed: 31576733069722625

160 Lemonice the Covert (level 5, -4/47 HPs)
             Began as a Gnoll Delver on July 14, 2021.
             Killed from afar by an orc wizard (7 damage)
             ... with a magic dart
             ... on level 4 of the Dungeon.
             The game lasted 00:00:57 (154 turns).

Lemonice the Covert (Gnoll Delver)                   Turns: 154, Time: 00:00:58

Health: -4/47      AC:  3    Str: 12    XL:     5   Next: 41%
Magic:  7/7        EV: 13    Int: 10    God:
Gold:   17         SH:  0    Dex: 13    Spells: 6/6 levels left

rFire    . . .     SeeInvis .   a - +0 falchion
rCold    . . .     Faith    .   (no shield)
rNeg     . . .     Spirit   .   b - +0 leather armour
rPois    .         Reflect  .   (no helmet)
rElec    .         Harm     .   (no cloak)
rCorr    .         Rampage  .   (no gloves)
Will     .....                  (no boots)
Stlth    ++........             (no amulet)
HPRegen  0.15/turn              (no ring)
MPRegen  0.10/turn              (no ring)

@: confused
A: fangs 1, strong nose, distributed training
a: no special abilities


You were on level 4 of the Dungeon.
You visited 1 branch of the dungeon, and saw 2 of its levels.

You collected 17 gold pieces.

Inventory:

Hand Weapons
 a - a +0 falchion (weapon)
Armour
 b - a +0 leather armour (worn)
Wands
 g - a wand of digging (3)
Scrolls
 c - a scroll of fog
 d - a scroll of magic mapping
 e - a scroll of fear
Potions
 f - a potion of haste
 h - a potion of berserk rage {unknown}


   Skills:
 + Level 6.7 Fighting
 + Level 1.4 Short Blades
 + Level 4.8 Long Blades
 + Level 1.4 Axes
 + Level 1.4 Maces & Flails
 + Level 1.4 Polearms
 + Level 1.4 Staves
 + Level 1.4 Slings
 + Level 1.4 Bows
 + Level 1.4 Crossbows
 + Level 1.4 Throwing
 + Level 1.4 Armour
 + Level 4.8 Dodging
 + Level 9.6 Stealth
 + Level 1.4 Shields
 + Level 1.4 Unarmed Combat
 + Level 1.4 Spellcasting
 + Level 1.1 Conjurations
 + Level 1.1 Hexes
 + Level 1.1 Summonings
 + Level 1.1 Necromancy
 + Level 1.1 Translocations
 + Level 1.1 Transmutations
 + Level 1.1 Fire Magic
 + Level 1.1 Ice Magic
 + Level 1.1 Air Magic
 + Level 1.1 Earth Magic
 + Level 1.1 Poison Magic
 + Level 1.6 Invocations
 + Level 1.4 Evocations


You had 6 spell levels left.
You didn't know any spells.
Your spell library was empty.

Dungeon Overview and Level Annotations

Branches:
Dungeon (5/15)
 Temple: D:4-7

Altars:


Innate Abilities, Weirdness & Mutations

You have very sharp teeth.
Your uncanny sense of smell can sniff out nearby items.
Your experience applies equally to all skills.


Message History

You're too confused to move!
Something hits you.
* * * LOW HITPOINT WARNING * * *
You hear a zap.
Your will is overpowered!
You are more confused.
There is a stone staircase leading down here.
Something barely misses you. Something hits you but does no damage.
There is a stone staircase leading down here.
Something hits you.
* * * LOW HITPOINT WARNING * * *
You closely miss something.
You hear a zap.
Your will is overpowered!
You are more confused.
An orc comes into view. It is wielding a +0 club.
You hit something. Your bite misses something.
Something hits you but does no damage.
You miss something.
You hear some strange, mumbled words.
A magic dart appears from out of thin air!
The magic dart hits you.
* * * LOW HITPOINT WARNING * * *
2 orcs come into view.
The orc shouts!
You hear a shout!
The orc shouts! x2; You hear a zap.
Your will is overpowered!
You are more confused.
An orc comes into view.
It is wielding a +1 falchion of draining.
An orc comes into view. It is wielding a +0 flail.
The orc shouts!
You hear a zap.
Something tries to affect you, but you resist.
The now-empty wand crumbles to dust.
You miss something. Something completely misses you.
You miss something. Something hits you.
* * * LOW HITPOINT WARNING * * *
You closely miss something. Something hits you.
* * * LOW HITPOINT WARNING * * *
The orc barely misses you. Something barely misses you.
You closely miss something. The orc hits you but does no damage.
You hear some strange, mumbled words.
A magic dart appears from out of thin air!
The magic dart hits you!
You die...

.######...#
..........
.......... .
.........# ..
.....!...## ..#
..........#####...#
.....o.............
.....ooo..>........
#.####o@{..........
#.............
#.###.###..... #.
#... ..... #.
.......... #.
....... ..( #.
....... ...
#........


You could see 5 orcs.

Vanquished Creatures
  An ogre (D:4)
  A bullfrog (D:4)
  A hound skeleton (D:4)
  A kobold (D:4)
4 creatures vanquished.

Notes
Turn   | Place    | Note
-------+----------+-------------------------------------------
     0 | D:5      | Reached skill level 9 in Stealth
     0 | D:5      | Lemonice the Gnoll Delver began the quest for the Orb.
     0 | D:5      | Reached XP level 1. HP: 23/23 MP: 1/1
    14 | D:4      | Noticed an ogre
    19 | D:4      | Killed an ogre
    20 | D:4      | Reached skill level 1 in Short Blades
    20 | D:4      | Reached skill level 1 in Axes
    20 | D:4      | Reached skill level 1 in Maces & Flails
    20 | D:4      | Reached skill level 1 in Polearms
    20 | D:4      | Reached skill level 1 in Staves
    20 | D:4      | Reached skill level 1 in Slings
    20 | D:4      | Reached skill level 1 in Bows
    20 | D:4      | Reached skill level 1 in Crossbows
    20 | D:4      | Reached skill level 1 in Throwing
    20 | D:4      | Reached skill level 1 in Armour
    20 | D:4      | Reached skill level 1 in Shields
    20 | D:4      | Reached skill level 1 in Unarmed Combat
    20 | D:4      | Reached skill level 1 in Spellcasting
    20 | D:4      | Reached skill level 1 in Invocations
    20 | D:4      | Reached skill level 1 in Evocations
    20 | D:4      | Reached XP level 2. HP: 29/29 MP: 1/3
    20 | D:4      | Reached XP level 3. HP: 35/35 MP: 1/4
    20 | D:4      | Reached XP level 4. HP: 41/41 MP: 1/5
    27 | D:4      | Reached skill level 1 in Conjurations
    27 | D:4      | Reached skill level 1 in Hexes
    27 | D:4      | Reached skill level 1 in Summonings
    27 | D:4      | Reached skill level 1 in Necromancy
    27 | D:4      | Reached skill level 1 in Translocations
    27 | D:4      | Reached skill level 1 in Transmutations
    27 | D:4      | Reached skill level 1 in Fire Magic
    27 | D:4      | Reached skill level 1 in Ice Magic
    27 | D:4      | Reached skill level 1 in Air Magic
    27 | D:4      | Reached skill level 1 in Earth Magic
    27 | D:4      | Reached skill level 1 in Poison Magic
    36 | D:4      | Noticed a bullfrog
    45 | D:4      | Killed a bullfrog
    46 | D:4      | Reached XP level 5. HP: 39/47 MP: 3/7
   154 | D:4      | Killed from afar by an orc wizard

Illustrated notes

Levels and vault maps discovered:
D:4:      layout_basic, okawaru_trees_2, kennysheep_little_box,
          grunt_decor_fettered
D:5:      layout_gridville, minmay_temple_entry_gardened_gates, uniq_eustachio

Skill      XL: |  1  2  3  4 |
---------------+-------------+-----
Stealth        | |  9.6
Short Blades   | 1 |  1.4
Axes           | 1 |  1.4
Maces & Flails | 1 |  1.4
Polearms       | 1 |  1.4
Staves         | 1 |  1.4
Slings         | 1 |  1.4
Bows           | 1 |  1.4
Crossbows      | 1 |  1.4
Throwing       | 1 |  1.4
Armour         | 1 |  1.4
Shields        | 1 |  1.4
Unarmed Combat | 1 |  1.4
Spellcasting   | 1 |  1.4
Invocations    | 1 |  1.6
Evocations     | 1 |  1.4
Conjurations   | 1 |  1.1
Hexes          | 1 |  1.1
Summonings     | 1 |  1.1
Necromancy     | 1 |  1.1
Translocations | 1 |  1.1
Transmutations | 1 |  1.1
Fire Magic     | 1 |  1.1
Ice Magic      | 1 |  1.1
Air Magic      | 1 |  1.1
Earth Magic    | 1 |  1.1
Poison Magic   | 1 |  1.1
Fighting       | |  6.7
Long Blades    | |  4.8
Dodging        | |  4.8

Action                   |  1- 3 |  4- 6 || total
-------------------------+-------+-------++-------
Melee: Falchion          |     5 |    23 ||    28
       Bite              |     1 |     3 ||     4
       Punch             |       |     1 ||     1
 Stab: Sleeping          |     1 |       ||     1
Armor: Leather armour    |       |     4 ||     4
Dodge: Dodged            |     4 |    17 ||    21
       Rpst.: Falchion   |     1 |     6 ||     7

Table legend: (Time is in decaauts)
 A = Elapsed time spent in this place.
 B = Non-inter-level travel time spent in this place.
 C = Inter-level travel time spent in this place.
 D = Time resting spent in this place.
 E = Time spent auto-exploring this place.
 F = Levels seen in this place.
 G = Mean time per level.
                   A        B        C        D        E       F      G
               +--------+--------+--------+--------+--------+-----+--------+
         Total |    157 |    157 |      0 |      0 |     54 |   2 |   78.5 |
       Dungeon |    157 |    157 |      0 |      0 |     54 |   2 |   78.5 |
               +--------+--------+--------+--------+--------+-----+--------+

Top non-repeatable levels by time:
     D:5: 86 daAuts
     D:4: 71 daAuts
